[ AOE2 MATCH · #507818332 ]
UnrankedMalians vs Burmese
Player's team · WIN
Rival team · LOSS
[ REPLAY ANALYSIS · EXTRACTED FROM THE RECORDED GAME ]
Feudal
11:24
Castle
24:26
Imperial
—
| APM avg | 76.5 |
| APM peak | 109 |
| eAPM avg | 27.5 |
| Villagers / military | 70 / 44 |
Focus
⚔️ 32.4% · 🌾 67.6%
Archer ×14 · Knight ×13 · Monk ×9 · Scout Cavalry ×5 · Militia ×3
Feudal
9:02
Castle
21:56
Imperial
—
| APM avg | 45.6 |
| APM peak | 80 |
| eAPM avg | 24.5 |
| Villagers / military | 76 / 47 |
Focus
⚔️ 34.3% · 🌾 65.7%
Battle Elephant ×18 · Skirmisher ×15 · Militia ×7 · Monk ×4 · Spearman ×2 · Mangonel ×1
Match map
Initial resources + every placement click. Lines = walls · curves = elevation contours. ◆ gold · ⬟ stone · ● berries · ✦ relic · ◌ wall gap
Your base· ✓ Closed at 24:26 · 87t walls · 1 gate(s)
LiyCoh's base· Open — unwalled flank
Smoothed initial terrain · ◌ = detected wall gap · hover for details
Inputs per minute
— uel - - LiyCoh
Build order — uel
First 150 of 239 actions detected
| 0:01 | Queue | Villager (Male) |
| 0:01 | Queue | Villager (Male) |
| 0:01 | Queue | Villager (Male) |
| 0:02 | Build | House |
| 0:04 | Build | House |
| 0:06 | Build | House |
| 0:16 | Queue | Villager (Male) |
| 0:17 | Queue | Villager (Male) |
| 1:25 | Queue | Villager (Male) |
| 1:56 | Build | Lumber Camp |
| 2:02 | Queue | Villager (Male) |
| 2:17 | Queue | Villager (Male) |
| 2:35 | Queue | Villager (Male) |
| 3:04 | Queue | Villager (Male) |
| 3:35 | Queue | Villager (Male) |
| 4:00 | Build | House |
| 4:11 | Queue | Villager (Male) |
| 4:17 | Build | Barracks |
| 4:21 | Queue | Villager (Male) |
| 4:36 | Queue | Villager (Male) |
| 4:51 | Build | House |
| 4:53 | Build | House |
| 5:05 | Queue | Villager (Male) |
| 5:22 | Queue | Militia |
| 5:24 | Queue | Villager (Male) |
| 5:41 | Queue | Militia |
| 6:04 | Queue | Militia |
| 6:20 | Queue | Villager (Male) |
| 6:31 | Queue | Villager (Male) |
| 6:35 | Build | Mill |
| 6:59 | Queue | Villager (Male) |
| 7:19 | Queue | Villager (Male) |
| 7:50 | Queue | Villager (Male) |
| 7:51 | Research | Loom |
| 8:22 | Build | Mining Camp |
| 8:29 | Build | Palisade Wall |
| 8:30 | Build | Palisade Wall |
| 8:31 | Build | Palisade Wall |
| 8:31 | Build | Palisade Wall |
| 8:56 | Build | Palisade Wall |
| 8:57 | Build | Palisade Wall |
| 9:06 | Build | Palisade Wall |
| 9:14 | Research | Feudal Age |
| 9:17 | Build | Palisade Wall |
| 9:17 | Build | Palisade Wall |
| 9:19 | Build | Palisade Wall |
| 9:20 | Build | Palisade Wall |
| 9:20 | Build | Palisade Wall |
| 9:21 | Build | Palisade Wall |
| 9:29 | Build | Palisade Wall |
| 9:30 | Build | Palisade Wall |
| 9:31 | Build | Palisade Wall |
| 9:32 | Build | Palisade Wall |
| 9:33 | Build | Palisade Wall |
| 9:35 | Build | Palisade Wall |
| 9:37 | Build | Palisade Wall |
| 9:45 | Build | Farm |
| 9:47 | Queue | Villager (Male) |
| 10:04 | Build | Farm |
| 10:13 | Build | Palisade Wall |
| 10:31 | Build | Farm |
| 10:44 | Build | House |
| 10:45 | Build | House |
| 11:17 | Queue | Villager (Male) |
| 11:24 | Age | Feudal Age |
| 11:28 | Research | Town Watch |
| 11:31 | Build | Archery Range |
| 11:35 | Research | Double-Bit Axe |
| 11:36 | Research | Double-Bit Axe |
| 11:45 | Build | Farm |
| 12:00 | Queue | Villager (Male) |
| 12:14 | Queue | Archer |
| 12:15 | Queue | Archer |
| 12:28 | Build | House |
| 12:43 | Queue | Villager (Male) |
| 12:55 | Queue | Archer |
| 12:58 | Build | Blacksmith |
| 13:10 | Queue | Villager (Male) |
| 13:30 | Queue | Archer |
| 13:45 | Queue | Villager (Male) |
| 13:48 | Queue | Archer |
| 13:56 | Build | Lumber Camp |
| 13:57 | Queue | Villager (Male) |
| 14:15 | Queue | Villager (Male) |
| 14:19 | Build | House |
| 14:41 | Queue | Villager (Male) |
| 14:44 | Build | Stable |
| 14:51 | Research | Fletching |
| 14:52 | Research | Fletching |
| 14:56 | Queue | Archer |
| 15:11 | Queue | Villager (Male) |
| 15:16 | Build | Farm |
| 15:19 | Build | Farm |
| 15:28 | Queue | Archer |
| 15:35 | Build | Farm |
| 15:40 | Queue | Archer |
| 15:46 | Build | Farm |
| 15:51 | Queue | Villager (Male) |
| 16:02 | Build | Farm |
| 16:13 | Queue | Scout Cavalry |
| 16:16 | Build | Farm |
| 16:18 | Queue | Villager (Male) |
| 16:27 | Build | Farm |
| 16:31 | Build | Palisade Wall |
| 16:41 | Queue | Scout Cavalry |
| 16:47 | Queue | Archer |
| 16:50 | Build | Farm |
| 16:51 | Build | Farm |
| 16:53 | Queue | Villager (Male) |
| 17:15 | Queue | Villager (Male) |
| 17:19 | Build | Farm |
| 17:20 | Queue | Villager (Male) |
| 17:26 | Queue | Scout Cavalry |
| 17:36 | Research | Horse Collar |
| 17:36 | Research | Horse Collar |
| 18:01 | Queue | Villager (Male) |
| 18:08 | Build | Farm |
| 18:08 | Build | Farm |
| 18:08 | Build | Farm |
| 18:15 | Queue | Villager (Male) |
| 18:18 | Build | House |
| 18:19 | Build | House |
| 18:20 | Build | House |
| 18:26 | Queue | Scout Cavalry |
| 18:31 | Build | Farm |
| 18:33 | Build | Farm |
| 18:35 | Queue | Villager (Male) |
| 18:37 | Build | Farm |
| 18:40 | Build | Palisade Wall |
| 18:45 | Build | Palisade Wall |
| 18:46 | Build | Palisade Gate |
| 18:51 | Queue | Archer |
| 19:06 | Queue | Scout Cavalry |
| 19:11 | Queue | Villager (Male) |
| 19:13 | Build | Palisade Wall |
| 19:25 | Queue | Villager (Male) |
| 19:34 | Queue | Villager (Male) |
| 19:38 | Queue | Archer |
| 19:44 | Build | Palisade Wall |
| 19:57 | Build | Farm |
| 20:05 | Queue | Archer |
| 20:37 | Queue | Villager (Male) |
| 20:39 | Build | Farm |
| 20:42 | Queue | Archer |
| 20:46 | Build | Palisade Wall |
| 20:49 | Build | House |
| 21:14 | Queue | Villager (Male) |
| 21:15 | Build | Palisade Wall |
| 21:24 | Queue | Archer |
| 21:30 | Build | Farm |
Build order — LiyCoh
First 150 of 236 actions detected
| 0:00 | Queue | Villager (Male) |
| 0:00 | Queue | Villager (Male) |
| 0:02 | Build | House |
| 0:02 | Build | House |
| 0:12 | Queue | Villager (Male) |
| 0:13 | Queue | Villager (Male) |
| 1:29 | Queue | Villager (Male) |
| 2:07 | Research | Loom |
| 2:08 | Research | Loom |
| 2:09 | Queue | Villager (Male) |
| 2:10 | Queue | Villager (Male) |
| 2:14 | Build | Lumber Camp |
| 2:51 | Queue | Villager (Male) |
| 3:04 | Queue | Villager (Male) |
| 3:23 | Build | House |
| 3:24 | Build | House |
| 3:42 | Queue | Villager (Male) |
| 3:42 | Queue | Villager (Male) |
| 4:10 | Queue | Villager (Male) |
| 4:10 | Queue | Villager (Male) |
| 4:31 | Queue | Villager (Male) |
| 4:55 | Queue | Villager (Male) |
| 4:56 | Queue | Villager (Male) |
| 5:34 | Queue | Villager (Male) |
| 5:39 | Build | Barracks |
| 6:14 | Research | Loom |
| 6:47 | Build | Mill |
| 6:52 | Research | Feudal Age |
| 7:08 | Queue | Militia |
| 7:27 | Queue | Militia |
| 7:28 | Queue | Militia |
| 7:55 | Queue | Militia |
| 7:55 | Queue | Militia |
| 8:30 | Build | Farm |
| 8:31 | Build | Farm |
| 8:37 | Build | Palisade Wall |
| 8:39 | Build | Palisade Wall |
| 8:40 | Build | Palisade Wall |
| 8:42 | Build | Palisade Wall |
| 8:44 | Build | Palisade Wall |
| 8:56 | Queue | Villager (Male) |
| 8:59 | Build | Farm |
| 9:01 | Queue | Militia |
| 9:02 | Queue | Militia |
| 9:02 | Age | Feudal Age |
| 9:04 | Research | Man-at-Arms (upgrade) |
| 9:04 | Research | Man-at-Arms (upgrade) |
| 9:15 | Build | Farm |
| 9:37 | Build | Farm |
| 9:38 | Queue | Villager (Male) |
| 9:39 | Queue | Villager (Male) |
| 9:42 | Build | Farm |
| 9:51 | Build | Farm |
| 10:09 | Queue | Villager (Male) |
| 10:29 | Queue | Villager (Male) |
| 10:36 | Build | House |
| 10:42 | Build | Archery Range |
| 11:04 | Queue | Villager (Male) |
| 11:23 | Build | Mining Camp |
| 11:28 | Queue | Villager (Male) |
| 11:41 | Queue | Skirmisher |
| 11:41 | Queue | Skirmisher |
| 11:54 | Build | Palisade Wall |
| 12:09 | Queue | Villager (Male) |
| 12:16 | Build | House |
| 12:29 | Queue | Skirmisher |
| 12:37 | Build | House |
| 12:57 | Queue | Villager (Male) |
| 12:59 | Queue | Skirmisher |
| 13:06 | Build | Farm |
| 13:13 | Queue | Villager (Male) |
| 13:26 | Queue | Skirmisher |
| 13:29 | Queue | Villager (Male) |
| 13:52 | Queue | Villager (Male) |
| 14:02 | Queue | Villager (Male) |
| 14:03 | Queue | Skirmisher |
| 14:06 | Build | Palisade Wall |
| 14:15 | Build | Farm |
| 14:16 | Build | Farm |
| 14:20 | Build | Mill |
| 14:25 | Build | Mill |
| 14:28 | Queue | Villager (Male) |
| 14:42 | Build | House |
| 14:43 | Build | House |
| 15:01 | Build | Palisade Wall |
| 15:04 | Queue | Skirmisher |
| 15:12 | Build | Palisade Wall |
| 15:15 | Build | Farm |
| 15:24 | Queue | Villager (Male) |
| 15:25 | Queue | Skirmisher |
| 15:38 | Queue | Villager (Male) |
| 15:41 | Build | Farm |
| 15:58 | Queue | Skirmisher |
| 16:10 | Build | Farm |
| 16:11 | Research | Horse Collar |
| 16:14 | Build | House |
| 16:35 | Queue | Villager (Male) |
| 16:35 | Queue | Skirmisher |
| 16:36 | Queue | Skirmisher |
| 16:41 | Build | House |
| 16:42 | Build | House |
| 17:01 | Queue | Spearman |
| 17:14 | Queue | Villager (Male) |
| 17:14 | Queue | Villager (Male) |
| 17:24 | Queue | Spearman |
| 17:26 | Build | House |
| 18:03 | Queue | Villager (Male) |
| 18:10 | Build | Blacksmith |
| 18:28 | Queue | Villager (Male) |
| 18:42 | Build | Lumber Camp |
| 19:09 | Build | Farm |
| 19:16 | Research | Castle Age |
| 19:16 | Research | Castle Age |
| 19:20 | Build | House |
| 19:46 | Build | Lumber Camp |
| 19:48 | Queue | Villager (Male) |
| 19:54 | Queue | Skirmisher |
| 19:55 | Queue | Skirmisher |
| 20:16 | Build | Farm |
| 20:19 | Queue | Skirmisher |
| 20:34 | Queue | Skirmisher |
| 20:38 | Research | Scale Barding Armor |
| 20:52 | Build | House |
| 20:54 | Build | House |
| 21:08 | Build | Stable |
| 21:30 | Build | House |
| 21:32 | Build | Palisade Wall |
| 21:56 | Age | Castle Age |
| 21:59 | Queue | Battle Elephant |
| 21:59 | Queue | Battle Elephant |
| 21:59 | Queue | Battle Elephant |
| 22:01 | Queue | Villager (Male) |
| 22:19 | Build | Town Center |
| 22:24 | Queue | Battle Elephant |
| 22:28 | Queue | Villager (Male) |
| 22:28 | Queue | Villager (Male) |
| 22:46 | Queue | Villager (Male) |
| 23:00 | Queue | Villager (Male) |
| 23:07 | Build | Monastery |
| 23:20 | Queue | Battle Elephant |
| 23:48 | Queue | Battle Elephant |
| 23:51 | Queue | Monk |
| 23:59 | Build | Farm |
| 24:04 | Build | Farm |
| 24:05 | Build | Farm |
| 24:09 | Queue | Villager (Male) |
| 24:27 | Queue | Villager (Male) |
| 24:30 | Queue | Villager (Male) |
| 24:30 | Queue | Villager (Male) |
| 24:34 | Build | Siege Workshop |
Match timeline
| 4:17 | uel · first_building Barracks |
| 5:39 | LiyCoh · first_building Barracks |
| 8:29 | uel · wall_segment Palisade Wall x1 |
| 8:30 | uel · wall_segment Palisade Wall x1 |
| 8:31 | uel · wall_segment Palisade Wall x1 |
| 8:31 | uel · wall_segment Palisade Wall x1 |
| 8:37 | LiyCoh · wall_segment Palisade Wall x1 |
| 8:39 | LiyCoh · wall_segment Palisade Wall x1 |
| 8:40 | LiyCoh · wall_segment Palisade Wall x1 |
| 8:42 | LiyCoh · wall_segment Palisade Wall x1 |
| 8:44 | LiyCoh · wall_segment Palisade Wall x1 |
| 8:56 | uel · wall_segment Palisade Wall x1 |
| 8:57 | uel · wall_segment Palisade Wall x1 |
| 9:02 | LiyCoh · age_up feudal |
| 9:06 | uel · wall_segment Palisade Wall x1 |
| 9:17 | uel · wall_segment Palisade Wall x1 |
| 9:17 | uel · wall_segment Palisade Wall x1 |
| 9:19 | uel · wall_segment Palisade Wall x1 |
| 9:20 | uel · wall_segment Palisade Wall x1 |
| 9:20 | uel · wall_segment Palisade Wall x1 |
| 9:21 | uel · wall_segment Palisade Wall x1 |
| 9:29 | uel · wall_segment Palisade Wall x1 |
| 9:30 | uel · wall_segment Palisade Wall x1 |
| 9:31 | uel · wall_segment Palisade Wall x1 |
| 9:32 | uel · wall_segment Palisade Wall x1 |
| 9:33 | uel · wall_segment Palisade Wall x1 |
| 9:35 | uel · wall_segment Palisade Wall x1 |
| 9:37 | uel · wall_segment Palisade Wall x1 |
| 10:13 | uel · wall_segment Palisade Wall x1 |
| 10:42 | LiyCoh · first_building Archery Range |
| 11:24 | uel · age_up feudal |
| 11:31 | uel · first_building Archery Range |
| 11:54 | LiyCoh · wall_segment Palisade Wall x1 |
| 14:06 | LiyCoh · wall_segment Palisade Wall x1 |
| 14:44 | uel · first_building Stable |
| 15:01 | LiyCoh · wall_segment Palisade Wall x8 |
| 15:12 | LiyCoh · wall_segment Palisade Wall x14 |
| 16:31 | uel · wall_segment Palisade Wall x1 |
| 18:40 | uel · wall_segment Palisade Wall x9 |
| 18:45 | uel · wall_segment Palisade Wall x16 |
| 19:13 | uel · wall_segment Palisade Wall x10 |
| 19:44 | uel · wall_segment Palisade Wall x16 |
| 20:46 | uel · wall_segment Palisade Wall x9 |
| 21:08 | LiyCoh · first_building Stable |
| 21:15 | uel · wall_segment Palisade Wall x5 |
| 21:32 | LiyCoh · wall_segment Palisade Wall x1 |
| 21:56 | LiyCoh · age_up castle |
| 23:07 | LiyCoh · first_building Monastery |
| 24:26 | uel · age_up castle |
| 24:34 | LiyCoh · first_building Siege Workshop |
| 24:41 | uel · first_building Monastery |
| 26:17 | LiyCoh · wall_segment Palisade Wall x1 |
| 26:25 | LiyCoh · wall_segment Palisade Wall x1 |
| 29:09 | LiyCoh · wall_segment Palisade Wall x1 |
| 31:10 | LiyCoh · resign |
[ AI ANALYSIS · 1 CREDIT ]
What really happened in this match?
Wolo.gg analyzes every decision: build order, eco, micro, common mistakes by bracket. Personalized analysis on WhatsApp or Discord in 30 seconds.
Civ guide
Malians
Perfil
Jugador #9754373